 Dungeon Crawl Stone Soup version 0.27.1-3-gb3d3a73c9e (webtiles) character file.

Game seed: 16176043360683802654

163 KleinerIrrer the Firebug (level 5, -9/41 HPs)
             Began as a Draconian Fire Elementalist on Oct 6, 2021.
             Killed by nerve-wracking pain
             ... invoked by Grinder
              (13 damage)
             ... on level 3 of the Dungeon.
             The game lasted 00:09:59 (2986 turns).

KleinerIrrer the Firebug (DrFE)                     Turns: 2986, Time: 00:10:00

Health: -9/41      AC:  6    Str: 10    XL:     5   Next: 20%
Magic:  9/9        EV: 13    Int: 16    God:
Gold:   92         SH:  0    Dex: 18    Spells: 6/10 levels left

rFire    . . .     SeeInvis .   d - +1 flail (protect)
rCold    . . .     Faith    .   (no shield)
rNeg     . . .     Spirit   .   (armour unavailable)
rPois    .         Reflect  .   (helmet restricted)
rElec    .         Harm     .   (no cloak)
rCorr    .         Rampage  .   (no gloves)
Will     .....                  g - +0 pair of boots
Stlth    ++........             (no amulet)
HPRegen  0.13/turn              a - +6 ring of dexterity
MPRegen  0.11/turn              (no ring)

@: mighty, flying
A: AC +5, unfitting armour, cold-blooded
a: no special abilities


You were on level 3 of the Dungeon.
You visited 1 branch of the dungeon, and saw 3 of its levels.

You collected 92 gold pieces.

Inventory:

Hand Weapons
 d - a +1 flail of protection (weapon)
Armour
 g - a +0 pair of boots (worn)
Magical Staves
 f - a staff of earth
Jewellery
 a - a +6 ring of dexterity (left hand)
Wands
 i - a wand of mindburst (7)
Scrolls
 b - a scroll of enchant weapon {unknown}
 h - a scroll of fog {unknown}
 j - 2 scrolls of teleportation {unknown}


   Skills:
 + Level 1.8 Fighting
 - Level 2.5 Dodging
 - Level 1.7 Stealth
 + Level 3.0 Spellcasting
 * Level 2.5 Conjurations
 - Level 3.7 Fire Magic


You had 6 spell levels left.
You knew the following spells:

 Your Spells              Type           Power      Damage    Failure   Level
a - Foxfire               Conj/Fire      48%        2x1d6     5%          1
b - Conjure Flame         Conj/Fire      12%        6-21      16%         3

Your spell library contained the following spells:

 Spells                   Type           Power      Damage    Failure   Level
 Inner Flame              Hex/Fire       8%         N/A       26%         3
 Sticky Flame             Conj/Fire      12%        2d4       45%         4
 Frozen Ramparts          Ice            4%         1d2       50%         3
 Gell's Gravitas          Tloc           1%         N/A       50%         3
 Lesser Beckoning         Tloc           1%         N/A       50%         3
 Teleport Other           Tloc           2%         N/A       50%         3
 Fireball                 Conj/Fire      6%         3d5       82%         5
 Ice Form                 Ice/Tmut       2%         N/A       88%         4
 Summon Ice Beast         Ice/Summ       2%         N/A       88%         4
 Malign Gateway           Summ/Tloc      1%         N/A       100%        7
 Summon Horrible Things   Summ           1%         N/A       100%        8


Dungeon Overview and Level Annotations

Branches:
Dungeon (3/15)

Altars:
Hepliaklqana

Annotations:
D:3 3 runed translucent doors, Descartes's ghost, amateur SpWn; Descartes's ghost, weakling SpDe; Grinder; harness's ghost, weakling OgAM; makewrite's ghost, weakling MiBe


Innate Abilities, Weirdness & Mutations

Your plain brown scales are hard. (AC +5)
You cannot fit into any form of body armour.
You are cold-blooded and may be slowed by cold attacks.


Message History

Pain shoots through your body!
* * * LOW HITPOINT WARNING * * *
It was a potion of might.
You feel very mighty all of a sudden.
It was a potion of ambrosia.
You are confused.
You feel invigorated.
Okay, then.
Grinder misses you. Grinder gestures at you. Pain shoots through your body!
You're too confused to move!
You closely miss Grinder. You tail-slap Grinder.
Grinder is moderately wounded.
Grinder hits you.
You writhe in agony.
You sock the rat!
Your weapon exudes an aura of protection.
You kill the rat!
Grinder gestures at you. Pain shoots through your body! Grinder misses you.
Grinder gestures at you.
You suddenly lose the ability to move!
You feel less invigorated.
You feel less confused.
Grinder says, "Don't move a muscle."
Grinder hits you but does no damage. Grinder hits you!
You writhe in agony.
* * * LOW HITPOINT WARNING * * *
Grinder hits you.
* * * LOW HITPOINT WARNING * * *
You writhe in agony.
* * * LOW HITPOINT WARNING * * *
Grinder hits you but does no damage.
You can move again.
It was a potion of flight.
You feel very buoyant.
You fly up into the air.
Grinder gestures at you. Pain shoots through your body!
You die...

#......#.#....#..##.......
#.#.#.#.........###.######
#.##.........##.###.#
#####.#........#..#.†...#
#..##.#........##.......# ##
#................#....[.# #.
##...........#..........######
####.##.....#.#.##.....#.....
#.#......@5#..........####
#.#......>.........##### #
#.#........#.##........###
#.##.........##.#.........
#...............#......##.
####........#...#......###
#.......####...........
#.......# #...........
#......... #.##...###..


You could see Grinder.

Vanquished Creatures
  An ogre (D:3)
  A hound (D:3)
  A dart slug (D:3)
  5 ball pythons
  7 endoplasms
  3 giant cockroaches
  4 hobgoblins
  3 quokkas
  7 bats
  3 goblins
  A kobold (D:3)
  8 rats
44 creatures vanquished.

Vanquished Creatures (others)
  46 foxfires
  2 withered plants (D:3)
48 creatures vanquished.

Grand Total: 92 creatures vanquished

Notes
Turn   | Place    | Note
-------+----------+-------------------------------------------
     0 | D:1      | KleinerIrrer the Draconian Fire Elementalist began the
                  | quest for the Orb.
     0 | D:1      | Reached XP level 1. HP: 14/14 MP: 3/3
   428 | D:1      | Found a faded altar of an unknown god.
   450 | D:1      | Reached XP level 2. HP: 17/20 MP: 3/5
  1307 | D:2      | Found a hazy altar of Hepliaklqana.
  1878 | D:2      | Reached XP level 3. HP: 26/26 MP: 3/6
  2539 | D:3      | Found a runed translucent gate.
  2540 | D:3      | Found a runed translucent gate.
  2540 | D:3      | Found a runed translucent gate.
  2541 | D:3      | Noticed harness's ghost (weakling OgAM)
  2542 | D:3      | Noticed Descartes's ghost (weakling SpDe)
  2542 | D:3      | Noticed makewrite's ghost (weakling MiBe)
  2542 | D:3      | Noticed Descartes's ghost (amateur SpWn)
  2619 | D:3      | Reached XP level 4. HP: 34/34 MP: 7/7
  2624 | D:3      | Noticed an ogre
  2667 | D:2      | Learned a level 3 spell: Conjure Flame
  2831 | D:3      | Killed an ogre
  2832 | D:3      | Reached skill level 1 in Fighting
  2832 | D:3      | Reached XP level 5. HP: 41/41 MP: 2/9
  2957 | D:3      | Noticed Grinder
  2964 | D:3      | Paralysed by Grinder for 6 turns
  2981 | D:3      | Paralysed by Grinder for 5 turns
  2986 | D:3      | Killed from afar by Grinder

Illustrated notes

Levels and vault maps discovered:
D:1:      dpeg_arrival_leaves_temple_mockup, layout_basic,
          shapermc_ecumenical_altar_gd, minmay_tree_intersection
D:2:      layout_basic, basic_altar, minmay_misc_feat_secret_circle
D:3:      layout_rooms, gammafunk_ghost_cemetery, st_stairs_13,
          chequers_hall_statues_y, uniq_grinder

Skill      XL: |  1  2  3  4 |
---------------+-------------+-----
Dodging        | 2 |  2.5
Fighting       | 1 |  1.8
Spellcasting   | 3 |  3.0
Conjurations   | 2 |  2.5
Stealth        | |  1.7
Fire Magic     | |  3.7

Action                   |  1- 3 |  4- 6 || total
-------------------------+-------+-------++-------
Melee: Dagger            |    31 |       ||    31
       Tailslap          |     8 |     3 ||    11
       Flail             |    57 |    15 ||    72
 Cast: Foxfire           |    18 |     9 ||    27
Evoke: Wand              |     1 |     2 ||     3
  Use: Potion            |       |     3 ||     3
 Stab: Sleeping          |     2 |     2 ||     4
       Distracted        |       |     1 ||     1
Armor: Skin              |    35 |     7 ||    42
Dodge: Dodged            |    90 |    19 ||   109
